 Dungeon Crawl Stone Soup version 0.30-a0-591-g3c58d2bc28 (webtiles) character file.

Game seed: 14818175035272345097

106 bande the Trooper (level 4, -1/29 HPs)
             Began as a Gargoyle Fighter on Jan 5, 2023.
             Slain by a goblin
             ... wielding a +0 club
             ... led by Robin
              (6 damage)
             ... on level 2 of the Dungeon.
             The game lasted 00:02:11 (1764 turns).

bande the Trooper (Gargoyle Fighter)                Turns: 1764, Time: 00:02:11

Health: -1/29      AC: 11    Str: 19    XL:     4   Next: 84%
Magic:  4/4        EV:  9    Int:  9    God:
Gold:   86         SH:  4    Dex: 11    Spells: 3/3 levels left

rFire   . . .      SeeInvis .    a - +0 war axe
rCold   . . .      Faith    .    c - +0 buckler
rNeg    + . .      Spirit   .    b - +0 scale mail
rPois   ∞          Reflect  .    (no helmet)
rElec   +          Harm     .    (no cloak)
rCorr   .          Rampage  .    (no gloves)
Will    .....                    h - +0 pair of boots Stlth
                                 (no amulet)
HPRegen 0.24/turn                (no ring)
MPRegen 0.09/turn                (no ring)

@: no status effects
A: sickness immunity, AC +3, negative energy resistance 1, electricity
resistance, torment resistance 1, petrification resistance
a: no special abilities


You were on level 2 of the Dungeon.
You visited 1 branch of the dungeon, and saw 3 of its levels.

You collected 86 gold pieces.

Inventory:

Hand Weapons
 a - a +0 war axe (weapon)
 l - a +2 heavy mace
Armour
 b - a +0 scale mail (worn)
 c - a +0 buckler (worn)
 h - a +0 pair of boots (worn)
Scrolls
 j - 3 scrolls of vulnerability {unknown}
 k - a scroll of identify
Potions
 d - a potion of might
 e - a potion of berserk rage
 f - 3 potions of invisibility
 g - a potion of curing {unknown}
 i - a potion of haste {unknown}


   Skills:
 + Level 4.0 Fighting
 + Level 3.3 Axes
 + Level 3.8 Armour
 + Level 3.6 Shields


You had 3 spell levels left.
You didn't know any spells.
Your spell library was empty.

Dungeon Overview and Level Annotations

Branches:
Dungeon (3/15)

Altars:
Sif Muna

Shops:
D:1 (

Annotations:
D:3 Robin


Innate Abilities, Weirdness & Mutations

You are immune to sickness and miasma.
Your stone body is resilient. (AC +3)
You are immune to poison.
You resist negative energy. (rN+)
You are resistant to electric shocks. (rElec)
You are resistant to unholy torment.
You are immune to petrification.


Message History

There is a stone staircase leading down here.
You barely miss the goblin. x2; You block the goblin's attack. x2
You barely miss the goblin. You closely miss the goblin.
The goblin hits you with a +0 club. The goblin hits you but does no damage.
You block the goblin's attack. The goblin hits you but does no damage.
You are too injured to fight recklessly!
You are too injured to fight recklessly!
You are too injured to fight recklessly!
You are too injured to fight recklessly!
You are too injured to fight recklessly!
You are too injured to fight recklessly!
You are too injured to fight recklessly!
You are too injured to fight recklessly!
You closely miss the goblin. You barely miss the goblin.
The goblin hits you but does no damage. x2
You closely miss the goblin. x2; You block the goblin's attack.
The goblin hits you but does no damage. x2
The goblin hits you with a +0 dagger.
Unknown command.
You hit the goblin.
The goblin is severely wounded.
You hit the goblin.
You kill the goblin!
Unknown command.
You hit the goblin.
The goblin is severely wounded.
You hit the goblin.
You kill the goblin!
The goblin hits you with a +0 club.
* * * LOW HITPOINT WARNING * * *
You closely miss the goblin.
The goblin is severely wounded.
You hit the goblin but do no damage. You block the goblin's attack.
The goblin hits you with a +0 club.
* * * LOW HITPOINT WARNING * * *
The goblin hits you but does no damage. x2
You hit the goblin but do no damage.
The goblin is severely wounded.
You hit the goblin. The goblin hits you with a +0 club.
You die...

## ####### .# #......
.# #.##### .# #.# .#
######## #.# .#
#......# #.#
.####......#######
#.#####
...........+...g@#
#.#....
.#.##......#####g#
#.#.### .#.##....^.#
#.# #.#.#
.#..#..####### #.#
#.#.###
.............# #.#
#.#....
....#.......## #.#
#[#####
#......#.)...###.####
#.#
...#.....#....†.....#
#.#
#....#....#..###+##.#
#.#


You could see 2 goblins.

Vanquished Creatures
  3 adders (D:2)
  3 worms (D:2)
  3 dart slugs
  2 orcs
  2 bats (D:1)
  3 endoplasms
  5 hobgoblins
  8 jackals (D:1)
  A quokka (D:2)
  8 ball pythons
  A frilled lizard (D:2)
  11 goblins
  3 kobolds
  6 rats
59 creatures vanquished.

Notes
Turn   | Place    | Note
-------+----------+-------------------------------------------
     0 | D:1      | bande the Gargoyle Fighter began the quest for the Orb.
     0 | D:1      | Reached XP level 1. HP: 14/14 MP: 1/1
   178 | D:1      | Reached XP level 2. HP: 12/19 MP: 2/2
   215 | D:1      | Found Haesm's Antique Weapon Boutique.
   480 | D:1      | Reached XP level 3. HP: 24/24 MP: 3/3
  1068 | D:2      | Found a shimmering blue altar of Sif Muna.
  1138 | D:2      | Reached XP level 4. HP: 29/29 MP: 4/4
  1525 | D:2      | Reached skill level 4 in Fighting
  1546 | D:2      | You fall into a shaft and drop 1 floor!
  1603 | D:3      | Noticed Robin
  1764 | D:2      | Slain by a goblin

Illustrated notes

Levels and vault maps discovered:
D:1:      nagdon_arrival_double_spiral, layout_loops_ring, serial_shops, shop
D:2:      layout_basic, basic_altar, minmay_increasing_density,
          uniq_crazy_yiuf_cottage
D:3:      layout_rooms, uniq_robin

Skill      XL: |  1  2  3  4 |
---------------+-------------+-----
Axes           | 2 3 |  3.3
Fighting       | 4 |  4.0
Armour         | |  3.8
Shields        | |  3.6

Action                   |  1- 3 |  4- 6 || total
-------------------------+-------+-------++-------
Melee: War axe           |   106 |    66 ||   172
  Use: Scroll            |     1 |     3 ||     4
Armor: Scale mail        |    79 |    42 ||   121
Dodge: Dodged            |    80 |    37 ||   117
Block: Buckler           |    31 |    14 ||    45

Table legend: (Time is in decaauts)
 A = Elapsed time spent in this place.
 B = Non-inter-level travel time spent in this place.
 C = Inter-level travel time spent in this place.
 D = Time resting spent in this place.
 E = Time spent auto-exploring this place.
 F = Levels seen in this place.
 G = Mean time per level.
                   A        B        C        D        E       F      G
               +--------+--------+--------+--------+--------+-----+--------+
         Total |   1872 |   1847 |     25 |    252 |   1171 |   3 |  624.0 |
       Dungeon |   1872 |   1847 |     25 |    252 |   1171 |   3 |  624.0 |
               +--------+--------+--------+--------+--------+-----+--------+

Top non-repeatable levels by time:
     D:1: 981 daAuts
     D:2: 820 daAuts
     D:3: 71 daAuts
